 Dungeon Crawl Stone Soup version 0.23.1-37-gaa34b87b72 (webtiles) character file.

Game seed: 13105317695402549316

13229 Morbidden the Cleaver (level 11, -1/103 HPs)
             Began as a Deep Dwarf Fighter on Mar 23, 2019.
             Was a High Priest of Makhleb.
             Slain by a manticore (3 damage)
             ... on level 12 of the Dungeon.
             The game lasted 00:22:54 (8192 turns).

Morbidden the Cleaver (Deep Dwarf Fighter)          Turns: 8192, Time: 00:22:55

Health: -1/103     AC: 16    Str: 28    XL:     11   Next: 72%
Magic:  0/16       EV:  9    Int:  9    God:    Makhleb [*****.]
Gold:   712        SH: 15    Dex: 12    Spells: 12/12 levels left

rFire    . . .     SeeInvis .   a - +1 war axe
rCold    . . .     Gourm    .   c - +1 shield
rNeg     . . .     Faith    .   B - +0 plate armour
rPois    .         Spirit   +   E - +2 helmet
rElec    .         Reflect  +   j - scarf {Spirit}
rCorr    .         Harm     .   (no gloves)
MR       +....                  (no boots)
Stlth    ..........             A - +3 amulet of reflection
HPRegen  0.00/turn              u - +5 ring of slaying
MPRegen  0.15/turn              q - +3 ring of evasion

@: mighty, lethally poisoned (-1 -> -1), barbed spikes, non-regenerating
A: damage resistance, heal wounds, sense surroundings 2, no regeneration
a: Heal Wounds, Minor Destruction, Lesser Servant of Makhleb, Major Destruction,
Greater Servant of Makhleb, Renounce Religion


You were on level 12 of the Dungeon.
You worshipped Makhleb.
Makhleb was extremely pleased with you.
You were not hungry.

You visited 2 branches of the dungeon, and saw 13 of its levels.
You also visited: Sewer.

You collected 787 gold pieces.
You spent 75 gold pieces at shops.

Inventory:

Hand Weapons
 a - a +1 war axe (weapon)
Missiles
 w - 2 throwing nets (quivered)
Armour
 c - a +1 shield (worn)
 j - a scarf of spirit shield (worn)
 B - a +0 plate armour (worn)
 E - a +2 helmet (worn)
Jewellery
 q - a +3 ring of evasion (right hand)
 u - a +5 ring of slaying (left hand)
 A - a +3 amulet of reflection (around neck)
Wands
 r - a wand of flame (7)
 v - a wand of polymorph (5)
 z - a wand of clouds (1)
 G - a wand of digging (2)
Scrolls
 e - a scroll of blinking
 g - 2 scrolls of identify
 k - a scroll of noise
 m - 6 scrolls of teleportation
 n - 2 scrolls of magic mapping
 t - 5 scrolls of remove curse
 x - 2 scrolls of fear
 y - 3 scrolls of enchant weapon
 F - a scroll of amnesia
Potions
 b - 2 potions of haste
 d - a potion of might
 h - a potion of brilliance {unknown}
 i - 6 potions of curing
 l - 2 potions of invisibility
 o - 3 potions of lignification {unknown}
 p - 3 potions of cancellation
 C - 2 potions of ambrosia {unknown}
 H - 2 potions of degeneration {unknown}
Comestibles
 f - 27 rations


   Skills:
 * Level 8.0 Fighting
 * Level 13.9 Axes
 + Level 6.9 Armour
 + Level 1.5 Dodging
 + Level 2.2 Stealth
 + Level 7.5 Shields
 - Level 1.0 Spellcasting
 * Level 8.9 Evocations


You had 12 spell levels left.
You didn't know any spells.
Your spell library contained the following spells:

 Spells                   Type           Power        Failure   Level  Hunger
 Magic Dart               Conj           #...         100%        1    ##.....
 Shock                    Conj/Air       #...         100%        1    ##.....
 Blink                    Tloc           N/A          100%        2    ###....
 Call Imp                 Summ           #.......     100%        2    ###....
 Poisonous Vapours        Pois/Air       #.....       100%        2    ###....
 Slow                     Hex            #.......     100%        2    ###....
 Swiftness                Chrm/Air       #.......     100%        2    ###....
 Conjure Flame            Conj/Fire      #.......     100%        3    ####...
 Mephitic Cloud           Conj/Pois/Air  #.......     100%        3    ####...
 Static Discharge         Conj/Air       #.......     100%        3    ####...
 Airstrike                Air            #.........   100%        4    #####..
 Lightning Bolt           Conj/Air       #.........   100%        5    ######.
 Freezing Cloud           Conj/Ice/Air   #.........   100%        6    #######
 Ring of Flames           Chrm/Fire      #.........   100%        7    #######


Dungeon Overview and Level Annotations

Branches:
Dungeon (12/15)            Temple (1/1) D:5            Lair (0/6) D:11
    Orc: D:9-12

Altars:
Ashenzari
Cheibriados
Dithmenos
Elyvilon
Fedhas
Gozag
Hepliaklqana
Kikubaaqudgha
Makhleb
Nemelex Xobeh
Okawaru
Qazlal
Ru
Sif Muna
Trog
Uskayaw
Vehumet
Wu Jian
Xom
Yredelemnul
Zin
The Shining One

Shops:
D:7 %   D:9 =   D:10 !

Portals:
Trove: D:10 (give +2 gold dragon scales)

Annotations:
D:5 2 runed translucent doors, Cykl0x's ghost, novice MiFi
D:8 3 runed translucent doors, fluff's ghost, novice MiFi
D:9 3 runed translucent doors
D:10 2 transporters, lenfi's ghost, novice NaVM


Innate Abilities, Weirdness & Mutations

You are resistant to damage.
You can heal yourself by infusing magical energy.
You passively map the area around you.
You do not regenerate.


Message History

You feel much better.
The orc warrior shouts!
You hear a shout!
The skeletal warrior barely misses you.
The manticore bites you but does no damage.
You block the manticore's attack. x2
The skeletal warrior hits you with a +0 hand axe!
* * * LOW HITPOINT WARNING * * *
The skeletal warrior hits you from afar with a +0 trident!!
* * * LOW HITPOINT WARNING * * *
The skeletal warrior hits you but does no damage.
You slice the manticore!!
The manticore is almost dead.
You hit the skeletal warrior but do no damage.
You hit the skeletal warrior.
Your shield and plate armour prevent you from hitting the skeletal warrior.
An orc comes into view. It is wielding a +0 falchion.
The manticore bites you!
* * * LOW HITPOINT WARNING * * *
The manticore claws you.
You die...

,, * #....#....# .# *
* #....#....##.# * **
# ,, #....#.......#
,, , ..
,###..#.=.....# ,,
.o########..'.......#
, *
..o.o.....C.#...<#..#
* , * ,
##z.o.....#....# .# ,
, * #.zzo....#....# *
, , #.z@###..#......,
, , #.)H###..###.....
* , ,,,,
#..........#.###.# ,
#..........#.# .# *
*#'##########. , * ,
............... , , ,
* ,.......##...###* ,
.##...., ...# , ,
...... .... , , ,


You could see 4 skeletal warriors, a manticore, a cyclops, an orc warrior, an
orc priest and 3 orcs.

Vanquished Creatures
  A rakshasa (D:11)
  2 two-headed ogres
  An ugly thing (D:10)
  A cyclops (D:11)
  A gargoyle (D:11)
  Maurice (D:12)
  A troll (D:9)
  3 hornets
  3 hippogriffs
  A spriggan (D:11)
  A wraith (D:11)
  14 yaks
  A vampire (D:9)
  A steam dragon (D:10)
  2 hungry ghosts (D:7)
  Grum (D:8)
  3 wargs (D:11)
  A water moccasin (D:10)
  Purgy (Sewer)
  5 ice beasts
  2 orc warriors
  3 black bears
  2 phantoms
  A sky beast (D:10)
  5 ogres
  2 wolves (D:8)
  4 centaurs
  5 bullfrogs
  3 big kobolds (D:9)
  A wyvern skeleton (D:7)
  A scorpion (D:11)
  4 wights (D:11)
  8 howler monkeys
  5 crimson imps
  A centaur zombie (D:6)
  2 jellies
  3 hounds
  2 centaur skeletons
  6 orc priests
  7 orc wizards
  A bullfrog skeleton (D:5)
  A gnoll shaman (D:9)
  11 iguanas
  8 worker ants
  A killer bee zombie (D:8)
  2 hound zombies
  2 hound skeletons (D:4)
  A howler monkey skeleton (D:10)
  10 gnolls
  4 adders
  2 shadow imps
  An ooze (D:4)
  An adder zombie (D:9)
  An adder skeleton (D:9)
  7 worms
  3 dart slugs
  6 leopard geckos
  30 orcs
  3 ball pythons
  15 bats
  8 giant cockroaches
  5 goblins
  6 hobgoblins
  4 jackals
  3 quokkas
  4 frilled lizards
  A jackal skeleton (D:4)
  20 kobolds
  2 leopard gecko skeletons (D:4)
  2 quokka skeletons
  6 rats
283 creatures vanquished.

Vanquished Creatures (others)
  A merfolk (D:11)
  2 centaurs (D:5)
  An orc priest (D:11)
  An orc (D:7)
  A kobold (D:11)
6 creatures vanquished.

Grand Total: 289 creatures vanquished

Notes
Turn   | Place    | Note
-------+----------+-------------------------------------------
     0 | D:1      | Morbidden the Deep Dwarf Fighter began the quest for the
                  | Orb.
     0 | D:1      | Reached XP level 1. HP: 20/20 MP: 1/1
    61 | D:1      | Reached XP level 2. HP: 25/27 MP: 2/2
   492 | D:2      | Reached XP level 3. HP: 32/34 MP: 0/3
   648 | D:2      | Found a deep blue altar of Sif Muna.
   713 | D:2      | Reached skill level 3 in Axes
   912 | D:2      | Reached XP level 4. HP: 33/42 MP: 0/4
  1886 | D:4      | Reached skill level 1 in Spellcasting
  1889 | D:4      | Reached XP level 5. HP: 30/49 MP: 0/6
  1903 | D:4      | Reached skill level 4 in Axes
  2156 | D:4      | Reached XP level 6. HP: 32/56 MP: 0/7
  2246 | D:4      | Reached skill level 5 in Axes
  2246 | D:4      | Reached skill level 1 in Evocations
  2624 | D:5      | Entered Level 5 of the Dungeon
  2646 | D:5      | Found a runed translucent door.
  2647 | D:5      | Noticed Cykl0x's ghost (novice MiFi)
  2675 | D:5      | Reached XP level 7. HP: 41/63 MP: 0/7
  2709 | D:5      | Reached skill level 6 in Axes
  2853 | D:5      | Reached skill level 7 in Axes
  2882 | D:5      | Found a staircase to the Ecumenical Temple.
  2897 | D:5      | Reached XP level 8. HP: 53/73 MP: 0/9
  2906 | Temple   | Entered the Ecumenical Temple
  3069 | Temple   | Became a worshipper of Makhleb the Destroyer
  3126 | D:5      | Found a glowing drain.
  3139 | Sewer    | Entered a sewer
  3171 | Sewer    | Noticed Purgy
  3181 | Sewer    | Killed Purgy
  3313 | D:5      | Reached skill level 8 in Axes
  3313 | D:5      | Reached skill level 5 in Armour
  3454 | D:5      | Found a runed translucent door.
  4144 | D:6      | Found a sacrificial altar of Ru.
  4185 | D:6      | Reached skill level 5 in Shields
  4472 | D:7      | Noticed a hippogriff
  4479 | D:7      | Killed a hippogriff
  4479 | D:7      | Reached skill level 5 in Fighting
  4479 | D:7      | Reached skill level 1 in Dodging
  4501 | D:7      | Reached * piety under Makhleb
  4501 | D:7      | Reached skill level 9 in Axes
  4554 | D:7      | Gained mutation: You passively map the area around you.
                  | [Deep Dwarf growth]
  4554 | D:7      | Reached XP level 9. HP: 34/81 MP: 0/11
  4887 | D:7      | Reached skill level 5 in Evocations
  4974 | D:7      | Found Lyerok's Food Emporium.
  5157 | D:8      | Reached skill level 10 in Axes
  5167 | D:8      | Noticed a two-headed ogre
  5292 | D:8      | Reached ** piety under Makhleb
  5343 | D:8      | Noticed Grum
  5348 | D:8      | Killed Grum
  5385 | D:8      | Found a runed translucent gate.
  5385 | D:8      | Found a runed translucent gate.
  5385 | D:8      | Found a runed translucent gate.
  5387 | D:8      | Found an opulent altar of Gozag.
  5391 | D:8      | Noticed fluff's ghost (novice MiFi)
  5457 | D:8      | Killed a two-headed ogre
  5457 | D:8      | Reached skill level 11 in Axes
  5457 | D:8      | Reached XP level 10. HP: 66/91 MP: 0/13
  5782 | D:9      | Paralysed by a hornet for 2 turns
  5810 | D:9      | Found Zaonur's Jewellery Emporium.
  5986 | D:9      | Reached *** piety under Makhleb
  6227 | D:9      | Reached skill level 12 in Axes
  6249 | D:9      | Found a runed translucent gate.
  6249 | D:9      | Found a runed translucent gate.
  6266 | D:9      | Found a runed translucent gate.
  6271 | D:9      | Noticed a green ugly thing
  6274 | D:9      | Noticed a brown ugly thing
  6274 | D:9      | Noticed a green ugly thing
  6274 | D:9      | Noticed a red very ugly thing
  6275 | D:9      | Noticed a purple ugly thing
  6275 | D:9      | Noticed a red ugly thing
  6737 | D:10     | Entered Level 10 of the Dungeon
  6810 | D:10     | Found Onenkomi's Distillery.
  6846 | D:10     | Bought a potion of heal wounds for 75 gold pieces
  6921 | D:10     | Found a transporter.
  6925 | D:10     | Found a transporter.
  6956 | D:10     | Noticed lenfi's ghost (novice NaVM)
  7012 | D:10     | Noticed a white ugly thing
  7026 | D:10     | Killed a white ugly thing
  7026 | D:10     | Reached XP level 11. HP: 79/100 MP: 0/16
  7035 | D:10     | Reached **** piety under Makhleb
  7070 | D:10     | Found a portal to a secret trove of treasure.
  7188 | D:10     | Identified the +0 scale mail "Joisk" {Int+3} (You found it
                  | on level 10 of the Dungeon)
  7406 | D:11     | Noticed a two-headed ogre
  7415 | D:11     | Killed a two-headed ogre
  7661 | D:11     | Reached skill level 13 in Axes
  7686 | D:11     | Found a staircase to the Lair.
  8024 | D:11     | Noticed a rakshasa
  8045 | D:11     | Killed a rakshasa
  8160 | D:12     | Noticed Maurice
  8167 | D:12     | Reached ***** piety under Makhleb
  8167 | D:12     | Noticed a skeletal warrior
  8168 | D:12     | Noticed a skeletal warrior
  8170 | D:12     | Noticed a skeletal warrior
  8172 | D:12     | Killed Maurice
  8173 | D:12     | Noticed a skeletal warrior
  8192 | D:12     | HP: 2/103 [manticore (6)]
  8192 | D:12     | Slain by a manticore

Skill      XL: |  1  2  3  4  5  6  7  8  9 10 11 |
---------------+----------------------------------+-----
Fighting       | 3 4 5 6 7 8 |  8.0
Axes           | 3 4 5 7 9 11 12 13 | 13.9
Armour         | 4 5 6 |  6.9
Spellcasting   | 1 |  1.0
Shields        | 4 5 6 7 |  7.5
Evocations     | 1 3 4 6 8 |  8.9
Dodging        | 1 |  1.5
Stealth        | 2 |  2.2

Action                   |  1- 3 |  4- 6 |  7- 9 | 10-12 || total
-------------------------+-------+-------+-------+-------++-------
Melee: War axe           |   119 |   149 |   224 |   357 ||   849
 Abil: Heal Wounds       |       |     4 |     1 |       ||     5
Evoke: Wand              |       |     1 |     2 |     2 ||     5
  Use: Scroll            |       |     4 |     8 |     6 ||    18
       Potion            |       |     2 |     2 |     3 ||     7
  Eat: Chunk             |       |     6 |     8 |     6 ||    20
       Ration            |       |       |     1 |     1 ||     2
Armor: Chain mail        |    64 |    57 |    43 |       ||   164
       Plate armour      |       |       |    15 |   124 ||   139
Dodge: Dodged            |    31 |    36 |    53 |    80 ||   200
Block: Shield            |    91 |    85 |   145 |   277 ||   598
       Reflection        |       |       |     8 |    13 ||    21
